 Dungeon Crawl Stone Soup version 0.22.1-57-g7394efd48c (webtiles) character file.

44 COOLMAO the Ducker (level 3, 0/36 HPs)
             Began as a Troll Fighter on Mar 18, 2019.
             Slain by an orc (2 damage)
             ... on level 2 of the Dungeon.
             The game lasted 00:07:29 (1181 turns).

COOLMAO the Ducker (Troll Fighter)                  Turns: 1181, Time: 00:07:30

Health: 0/36       AC:  5    Str: 25    XL:     3   Next: 39%
Magic:  2/2        EV:  8    Int:  4    God:
Gold:   21         SH:  9    Dex:  9    Spells: 2/2 levels left

rFire    . . .     SeeInvis .   a - +0 war axe
rCold    . . .     Gourm    +   c - +0 shield
rNeg     . . .     Faith    .   b - +0 robe
rPois    .         Spirit   .   (helmet restricted)
rElec    .         Reflect  .   (no cloak)
rCorr    .         Harm     .   (gloves unavailable)
MR       .....                  (boots unavailable)
Stlth    +.........             (no amulet)
HPRegen  0.52/turn              (no ring)
MPRegen  0.08/turn              (no ring)

@: no status effects
A: large, unfitting armour, claws 3, fast metabolism 3, gourmand, regeneration
1, shaggy fur 1, tough skin 2
a: no special abilities


You were on level 2 of the Dungeon.
You were near starving.

You visited 1 branch of the dungeon, and saw 2 of its levels.

You collected 21 gold pieces.

Inventory:

Hand Weapons
 a - a +0 war axe (weapon)
Missiles
 h - 5 tomahawks of returning (quivered)
Armour
 b - a +0 robe (worn)
 c - a +0 shield (worn)
Scrolls
 e - 2 scrolls of remove curse {unknown}
 i - 2 scrolls of amnesia {unknown}
 j - a scroll of teleportation {unknown}
 k - a scroll of noise {unknown}
 m - a scroll of enchant armour {unknown}
Potions
 d - a potion of might
 l - a potion of brilliance {unknown}
Comestibles
 f - 2 rations


   Skills:
 + Level 2.8 Fighting
 + Level 1.7 Axes
 + Level 3.0 Dodging
 + Level 2.8 Shields


You had 2 spell levels left.
You didn't know any spells.
Your spell library was empty.

Dungeon Overview and Level Annotations

Branches:
Dungeon (2/15)

Altars:


Innate Abilities, Weirdness & Mutations

You are too large for most types of armour.
You have claws for hands.
Your metabolism is lightning-fast.
You like to eat raw meat.
Your natural rate of healing is unusually fast.
You are covered in fur. (AC +1)
You have very tough skin. (AC +2)


Message History

The orc barely misses you.
You barely miss the orc.
The orc is moderately wounded.
You barely miss the orc.
The orc priest looks satisfied for a moment.
You block the orc's attack. The orc hits you but does no damage.
You hit the orc.
You kill the orc!
You closely miss the orc. The orc hits you with a short sword.
You barely miss the orc. You hit the orc. You barely miss the orc priest.
The orc priest mumbles some strange prayers to Beogh against you.
Beogh smites you! You block the orc's attack. x2
The orc priest mumbles some strange prayers to Beogh against you.
Beogh smites you!
* * * LOW HITPOINT WARNING * * *
As you read the scroll labeled VOL FOHETA, it crumbles to dust.
It is a scroll of enchant weapon.
Okay, then.
The orc hits you.
You die...

#...#
#<..#####.#
#.........#
##..#######
#..# #..###
#<...#
#.o##.#
#@o.# #
#o#.#
#....#
#.#.##
..>.# .....
##.###. #.#
##


You could see an orc priest and 2 orcs.

Vanquished Creatures
  2 dart slugs (D:1)
  A leopard gecko (D:1)
  2 orcs (D:2)
  3 bats (D:1)
  5 giant cockroaches (D:1)
  3 goblins (D:1)
  4 hobgoblins (D:1)
  2 jackals (D:1)
  2 frilled lizards (D:1)
  5 kobolds (D:1)
  4 rats (D:1)
33 creatures vanquished.

Notes
Turn   | Place    | Note
-------+----------+-------------------------------------------
     0 | D:1      | COOLMAO the Troll Fighter began the quest for the Orb.
     0 | D:1      | Reached XP level 1. HP: 22/22 MP: 0/0
    78 | D:1      | Reached XP level 2. HP: 29/29 MP: 1/1
   534 | D:1      | Reached XP level 3. HP: 34/36 MP: 2/2
   589 | D:1      | Paralysed by fainting for 10 turns
   924 | D:1      | Paralysed by fainting for 7 turns
   950 | D:1      | Paralysed by fainting for 12 turns
   980 | D:1      | Reached skill level 3 in Dodging
  1180 | D:2      | HP: 1/36 [orc priest/divine providence (11)]
  1181 | D:2      | Slain by an orc

Skill      XL: |  1  2  3 |
---------------+----------+-----
Dodging        | 3 |  3.0
Fighting       | |  2.8
Axes           | |  1.7
Shields        | |  2.8

Action                   || total
-------------------------++-------
Melee: War axe           ||    99
  Use: Scroll            ||     1
  Eat: Ration            ||     2
Armor: Robe              ||    68
Dodge: Dodged            ||    59
Block: Shield            ||    77
